 Dungeon Crawl Stone Soup version 0.19-a0-916-g8ae7e35 (webtiles) character file.

150 Implojin the Chopper (level 5, -11/45 HPs)
             Began as a Minotaur Fighter on July 5, 2016.
             Killed by divine providence
             ... invoked by an orc priest
              (13 damage)
             ... on level 4 of the Dungeon.
             The game lasted 00:01:37 (295 turns).

Implojin the Chopper (Minotaur Fighter)              Turns: 295, Time: 00:01:38

Health: -11/45     AC:  6    Str: 20    XL:     5   Next: 10%
Magic:  4/4        EV:  7    Int:  5    God:
Gold:   11         SH:  9    Dex: 11    Spells: 0 memorised, 4 levels left

rFire  . . .     SeeInvis .     a - +0 war axe
rCold  . . .     Gourm    .     b - +0 scale mail
rNeg   . . .     Faith    .     c - +0 shield
rPois  .         Spirit   .     (helmet restricted)
rElec  .         Dismiss  .     (no cloak)
rCorr  .         Reflect  .     (no gloves)
SustAt .         Harm     .     (no boots)
MR     .....                    (no amulet)
Stlth  ..........               (no ring)
                                (no ring)

@: not resistant to hostile enchantments, extremely unstealthy
A: retaliatory headbutt, horns 2
a: no special abilities


You were on level 4 of the Dungeon.
You were not hungry.

You visited 1 branch of the dungeon, and saw 4 of its levels.

You collected 11 gold pieces.

Inventory:

Hand Weapons
 a - a +0 war axe (weapon)
Armour
 b - a +0 scale mail (worn)
 c - a +0 shield (worn)
Comestibles
 d - a chunk of flesh
 f - a bread ration
 g - a slice of pizza
 h - a royal jelly


   Skills:
 - Level 3.6 Fighting
 * Level 6.4 Axes
 - Level 3.6 Armour
 - Level 3.6 Shields


You had 4 spell levels left.
You didn't know any spells.

Dungeon Overview and Level Annotations

Branches:
Dungeon (4/15)
 Temple: D:4-7

Altars:
Fedhas


Innate Abilities, Weirdness & Mutations

You reflexively headbutt those who attack you in melee.
You have a pair of horns on your head.


Message History

The hound bites you but does no damage. You block the hound's attack.
Unknown command.
You closely miss the hound.
You headbutt the hound, but do no damage.
The hound is lightly wounded.
The hound bites you but does no damage. The hound completely misses you.
You slash the hound!
The hound is almost dead.
The hound bites you.
* * * LOW HITPOINT WARNING * * *
You block the hound's attack.
Unknown command.
You slash the hound!
You kill the hound!
You have reached level 5!
You now have 11 gold pieces.
You see here a hound corpse.
You open the door.
There is an open door here.
You open the door.
A quokka comes into view.
There is an open door here.
You slash the quokka!
You kill the quokka!
You see here a quokka corpse.
You open the door. 3 orcs and an orc priest come into view.
The orc priest shouts!
The orc shouts! x3
There is an open door here.
Okay, then.
You aren't carrying any spellbooks or scrolls.
Okay, then.
It was a potion of magic.
Magic courses through your body.
Your shield prevents you from hitting the orc priest.
Your headbutt misses the orc priest. You hit the orc. The orc priest hits you.
* * * LOW HITPOINT WARNING * * *
The orc hits you but does no damage. The orc barely misses you.
The orc priest mumbles some strange prayers to Beogh against you.
Beogh smites you!
You die...

.....#....#.............#
.....'....#......########
.....###'##..[...'.....#
.................#.....#
.................#.....#
#'###............#.....#
#...#............#.....#
#...#......####'########
#...#......#....@#.....#
#...#......#...†ooo....#
#...#......#.....#.....#
#...# #.....#.....# #...#
#....###+#### #..##
###+## #..# ...# ...#


You could see an orc priest and 2 orcs.

Vanquished Creatures
  An ogre (D:4)
  A hound (D:4)
  A worker ant zombie (D:4)
  An adder (D:2)
  An ooze (D:4)
  2 giant geckos
  2 giant cockroaches
  A goblin (D:2)
  A quokka (D:4)
  A giant newt (D:1)
  A kobold (D:2)
  A rat (D:2)
14 creatures vanquished.

Notes
Turn   | Place    | Note
-------+----------+-------------------------------------------
     0 | D:1      | Implojin the Minotaur Fighter began the quest for the Orb.
     0 | D:1      | Reached XP level 1. HP: 19/19 MP: 0/0
   128 | D:2      | Reached skill level 3 in Axes
   128 | D:2      | Reached XP level 2. HP: 17/26 MP: 1/1
   141 | D:2      | Found a blossoming altar of Fedhas.
   159 | D:4      | Noticed an ogre
   162 | D:4      | Killed an ogre
   162 | D:4      | Reached skill level 5 in Axes
   162 | D:4      | Reached XP level 3. HP: 3/31 MP: 2/2
   162 | D:4      | Reached XP level 4. HP: 3/39 MP: 3/3
   248 | D:4      | Reached skill level 6 in Axes
   273 | D:4      | HP: 1/39 [hound (5)]
   274 | D:4      | Reached XP level 5. HP: 1/45 MP: 4/4
   295 | D:4      | HP: 2/45 [orc priest (2)]
   295 | D:4      | Killed from afar by an orc priest

Vault maps used:
D:1:      dpeg_arrival_radiant, nemelex_xobeh_ov_fountains_minmay
D:2:      nicolae_overflow_hidden_temple, first_bread, corexii_hall_statues_i,
          minmay_misc_feat_enclosed, hangedman_decor_diamond_cutter,
          minmay_hexomino_u4
D:3:      overflow_temple_1_default, cheibriados_altar_wand_db, bloody_trog,
          uniq_sigmund

Skill      XL: |  1  2  3  4 |
---------------+-------------+-----
Axes           | 3 5 6 |  6.4
Fighting       | |  3.6
Armour         | |  3.6
Shields        | |  3.6

Action                   |  1- 3 |  4- 6 || total
-------------------------+-------+-------++-------
Melee: War axe           |    17 |    22 ||    39
       Headbutt          |     1 |     4 ||     5
  Use: Potion            |     1 |     1 ||     2
Armor: Scale mail        |    13 |     8 ||    21
Dodge: Dodged            |     4 |     8 ||    12
Block: Shield            |    15 |     7 ||    22

Table legend:
 A = Turns spent in this place as a percentage of turns spent in the entire game.
 B = Non-inter-level travel turns spent in this place as a percentage of non-inter-level travel turns spent in the entire game.
 C = Inter-level travel turns spent in this place as a percentage of turns spent in this place.
 D = Turns resting spent in this place as a percentage of non-inter-level travel turns spent in this place.
 E = Turns spent auto-exploring this place as a percentage of non-inter-level travel turns spent in this place.
 F = Non-inter-level travel turns spent in this place divided by the number of levels of this place that you've seen.
                   A       B       C       D       E      F
               +-------+-------+-------+-------+-------+----------------------
         Total | 100.0 | 100.0 |   0.0 |   0.0 |   0.0 |  79.0
       Dungeon | 100.0 | 100.0 |   0.0 |   0.0 |   0.0 |  79.0
               +-------+-------+-------+-------+-------+----------------------

Table legend:
 A = Kills in this place as a percentage of kills in entire the game.
 B = Kills by you in this place as a percentage of kills by you in the entire game.
 C = Kills by friends in this place as a percentage of kills by friends in the entire game.
 D = Other kills in this place as a percentage of other kills in the entire game.
 E = Experience gained in this place as a percentage of experience gained in the entire game.
 F = Experience gained in this place divided by the number of levels of this place that you have seen.
                   A       B       C       D       E      F
               +-------+-------+-------+-------+-------+----------------------
         Total | 100.0 | 100.0 |  -nan |  -nan | 100.0 |  53.8
       Dungeon | 100.0 | 100.0 |  -nan |  -nan | 100.0 |  53.8
               +-------+-------+-------+-------+-------+----------------------
